 Dungeon Crawl Stone Soup version 0.26-a0-683-g5206c1d7ac (webtiles) character file.

Game seed: 10987377482208419042

45 lunkers the Digger (level 3, -2/24 HPs)
             Began as a Formicid Earth Elementalist on Oct 23, 2020.
             Slain by a goblin (6 damage)
             ... led by Robin
             ... on level 2 of the Dungeon.
             The game lasted 00:03:33 (1458 turns).

lunkers the Digger (Formicid Earth Elementalist)    Turns: 1458, Time: 00:03:34

Health: -2/24      AC:  2    Str:  9 (12) XL:     3   Next: 90%
Magic:  2/7        EV: 12    Int: 12 (15) God:
Gold:   41         SH:  0    Dex:  9 (11) Spells: 1/7 levels left

rFire    + . .     SeeInvis +   b - +0 dagger
rCold    . . .     Faith    .   (no shield)
rNeg     . . .     Spirit   .   c - +0 robe
rPois    .         Reflect  .   (helmet unavailable)
rElec    .         Harm     .   (no cloak)
rCorr    .         Rampage  .   (no gloves)
MR       .....                  (no boots)
Stlth    ++........             (no amulet)
HPRegen  0.08/turn              d - ring of protection from fire
MPRegen  0.10/turn              (no ring)

@: lethally poisoned (-2 -> -8), stab, flying
A: permanent stasis, dig shafts and tunnels, four strong arms, antennae 3
a: Dig, Shaft Self


You were on level 2 of the Dungeon.
You visited 1 branch of the dungeon, and saw 2 of its levels.

You collected 41 gold pieces.

Inventory:

Hand Weapons
 b - a +0 dagger (weapon)
Armour
 c - a +0 robe (worn)
Jewellery
 d - a ring of protection from fire (left hand)
 e - a +4 ring of evasion {unknown}
 g - a +6 ring of dexterity {unknown}
Scrolls
 a - 2 scrolls of identify {unknown}
 f - a scroll of teleportation {unknown}
 h - a scroll of remove curse {unknown}
Potions
 k - a potion of lignification {unknown}
 m - a potion of flight


   Skills:
 - Level 1.7 Dodging
 - Level 2.4 Stealth
 + Level 2.9 Spellcasting
 - Level 1.1 Transmutations
 * Level 5.0 Earth Magic


You had one spell level left.
You knew the following spells:

 Your Spells              Type           Power        Failure   Level
a - Sandblast             Erth           ##....       3%          1
b - Passwall              Tmut/Erth      #.......     11%         2
c - Stone Arrow           Conj/Erth      #.....       26%         3

Your spell library contained the following spells:

 Spells                   Type           Power        Failure   Level
 Petrify                  Tmut/Erth      #.......     56%         4
 Lee's Rapid Deconstruct  Erth           ##........   65%         5


Dungeon Overview and Level Annotations

Branches:
Dungeon (2/15)

Altars:

Annotations:
D:2 Robin


Innate Abilities, Weirdness & Mutations

You cannot be hasted, slowed, berserked, paralysed or teleported.
You can dig through walls and to a lower floor.
Your four strong arms can wield two-handed weapons with a shield.
You have a pair of large antennae on your head. (SInv)


Message History

There was something very wrong with that liquid.
You feel weakened.
You feel dopey.
You feel clumsy. Robin misses you.
Unknown command.
You hit Robin but do no damage.
Robin is almost dead.
* * * LOW HITPOINT WARNING * * *
You feel sick. Robin barely misses you.
* * * LOW HITPOINT WARNING * * *
You feel sick.
It was a potion of stabbing.
You feel ready to backstab. The goblin barely misses you.
Unknown command.
You closely miss the goblin.
* * * LOW HITPOINT WARNING * * *
You feel sick. Robin throws the goblin at you!
* * * LOW HITPOINT WARNING * * *
The goblin hits you.
You die...

####.#.# '. #......#######
## #.##.#........ ..
#.......######.####
#.......# #..... #.......#
#### ##g..###### #...
######## #r####...## #.#.
#).....# #@# #....# #.#.
#......# #g# #....# #.#.
#......####.# #....#####.#.
#.).........# #..........#.
#..[........# ##'#.......#.
#.........).# #.#.......#.
#.[........######'#'#####.##
#####'######................
#.# #...........###.##


You could see Robin, a goblin (strong) and a rat.

Vanquished Creatures
  3 leopard geckos
  A bat (D:1)
  3 giant cockroaches (D:1)
  12 goblins
  4 hobgoblins
  3 frilled lizards
  7 kobolds
  4 rats (D:1)
37 creatures vanquished.

Notes
Turn   | Place    | Note
-------+----------+-------------------------------------------
     0 | D:1      | lunkers the Formicid Earth Elementalist began the quest for
                  | the Orb.
     0 | D:1      | Reached XP level 1. HP: 13/13 MP: 3/3
   145 | D:1      | Reached skill level 4 in Earth Magic
   160 | D:1      | Reached XP level 2. HP: 10/19 MP: 0/5
   635 | D:1      | Reached XP level 3. HP: 24/24 MP: 2/6
   886 | D:1      | Learned a level 2 spell: Passwall
   890 | D:1      | Learned a level 3 spell: Stone Arrow
  1182 | D:2      | Noticed Robin
  1353 | D:2      | Reached skill level 5 in Earth Magic
  1458 | D:2      | Slain by a goblin

Illustrated notes

Levels and vault maps discovered:
D:1:      lightli_arrival_lavapool, layout_rooms
D:2:      layout_basic, uniq_robin

Skill      XL: |  1  2  3 |
---------------+----------+-----
Earth Magic    | 4 5 |  5.0
Dodging        | |  1.7
Stealth        | |  2.4
Spellcasting   | |  2.9
Transmutations | |  1.1

Action                   || total
-------------------------++-------
Melee: Unarmed           ||     5
       Dagger            ||     2
Throw: Stone             ||     1
 Cast: Sandblast         ||    57
       Stone Arrow       ||     4
  Use: Potion            ||     3
Armor: Robe              ||     9
Dodge: Dodged            ||    16

Table legend: (Time is in decaauts)
 A = Elapsed time spent in this place.
 B = Non-inter-level travel time spent in this place.
 C = Inter-level travel time spent in this place.
 D = Time resting spent in this place.
 E = Time spent auto-exploring this place.
 F = Levels seen in this place.
 G = Mean time per level.
                   A        B        C        D        E       F      G
               +--------+--------+--------+--------+--------+-----+--------+
         Total |   1458 |   1396 |     62 |     92 |    917 |   2 |  729.0 |
       Dungeon |   1458 |   1396 |     62 |     92 |    917 |   2 |  729.0 |
               +--------+--------+--------+--------+--------+-----+--------+

Top non-repeatable levels by time:
     D:1: 958 daAuts
     D:2: 500 daAuts
